 Dungeon Crawl Stone Soup version 0.18.1-47-g9310371 (console) character file.

18669 Kloppie the Fencer (level 12, -1/81 HPs)
             Began as a Minotaur Gladiator on June 17, 2016.
             Was a High Priest of Makhleb.
             Slain by a shock serpent simulacrum (4 damage)
             ... on level 1 of the Abyss.
             The game lasted 00:30:46 (11827 turns).

Kloppie the Fencer (Minotaur Gladiator)            Turns: 11827, Time: 00:30:47

Health: -1/81      AC: 30    Str: 19    XL:     12   Next: 29%
Magic:  11/11      EV:  6    Int:  5    God:    Makhleb [*****.]
Gold:   419        SH:  0    Dex: 15    Spells: 0 memorised, 11 levels left

rFire  + . .     SeeInvis .     a - +1 scimitar (flame)
rCold  + . .     Gourm    +     S - +2 gold dragon armour
rNeg   . . .     Faith    .     (no shield)
rPois  +         Spirit   .     c - +1 hat
rElec  .         Dismiss  .     z - +1 cloak
rCorr  .         Reflect  .     U - +1 pair of gloves
SustAt .         Harm     .     (boots unavailable)
MR     +....     Rnd*Rage +     m - amulet of the gourmand
Stlth  ..........               Q - ring of stealth
                                n - ring of protection from magic

@: exhausted, slowed, very slow, somewhat resistant to hostile enchantments,
extremely unstealthy
A: retaliatory headbutt, claws 1, horns 2, talons 3, molten scales 1, rugged
brown scales 1, slimy green scales 1, berserk 1, blurry vision 1, frail 3,
poison resistance, weak 1, sturdy frame 1
a: Minor Destruction, Lesser Servant of Makhleb, Major Destruction, Greater
Servant of Makhleb, Renounce Religion


You were on level 1 of the Abyss.
You worshipped Makhleb.
Makhleb was extremely pleased with you.
You were full.

You visited 3 branches of the dungeon, and saw 13 of its levels.
You visited the Abyss 1 time.
You also visited: Labyrinth and Volcano.

You collected 713 gold pieces.
You spent 294 gold pieces at shops.

Inventory:

Hand Weapons
 a - a +1 scimitar of flaming (weapon)
 J - a +1 long sword of draining
Armour
 c - a +1 hat (worn)
 z - a +1 cloak (worn)
 I - a +0 plate armour
 S - a +2 gold dragon armour (worn)
 U - a +1 pair of gloves (worn)
Rods
 O - a +3 rod of clouds (14/14)
   (You found it in a labyrinth)
Jewellery
 m - an amulet of the gourmand (around neck)
 n - a ring of protection from magic (left hand)
 G - an uncursed ring of fire
 Q - a ring of stealth (right hand)
 W - an uncursed amulet of dismissal
Wands
 d - a wand of flame (28/48)
 q - a wand of flame (31/48)
 r - a wand of hasting (7/9)
 E - a wand of paralysis (4/24)
 K - a wand of iceblast (5/15)
Scrolls
 e - a scroll of identify
 g - 3 scrolls of remove curse
 j - a scroll of blinking
 k - a scroll of magic mapping
 u - 2 scrolls of fog
 y - 3 scrolls of fear
 D - 2 scrolls of summoning
Potions
 i - 2 potions of cure mutation
 v - 3 potions of curing
 w - 3 potions of resistance
Comestibles
 b - 6 meat rations
 f - 5 bread rations
 h - a beef jerky
 M - 2 royal jellies


   Skills:
 + Level 12.1 Fighting
 * Level 16.5 Long Blades
 - Level 2.0 Throwing
 + Level 12.0 Armour
 - Level 3.2 Dodging


You had 11 spell levels left.
You didn't know any spells.

Dungeon Overview and Level Annotations

Branches:
Dungeon (9/15)             Temple (1/1) D:4            Lair (3/8) D:9
  Swamp: Lair:3-6    Shoals: Lair:3-6     Snake: Lair:3-6    Spider: Lair:3-6
    Orc: D:9-12

Altars:
Ashenzari
Cheibriados
Dithmenos
Elyvilon
Fedhas
Gozag
Kikubaaqudgha
Makhleb
Nemelex Xobeh
Okawaru
Pakellas
Qazlal
Ru
Sif Muna
Trog
Vehumet
Xom
Yredelemnul
Zin
The Shining One

Shops:
D:7 *   D:9 !

Annotations:
Lair:3 Sonja


Innate Abilities, Weirdness & Mutations

You reflexively headbutt those who attack you in melee.
You have a pair of horns on your head.
You have sharp fingernails.
You have claws for feet.
You are partially covered in molten scales (AC +1).
You are partially covered in rugged brown scales (AC +1, +3% HP).
You are partially covered in slimy green scales (AC +2).
Your system is resistant to poisons.
You are weak. (Str -2)
Your movements are slightly less encumbered by armour (ER -2).
[You tend to lose your temper in combat.]
[Scrolls take you a little longer to read.]
[You are extremely frail (-30% HP).]


Message History

The shock serpent simulacrum bites you but does no damage.
Drink which item? (? for menu, Esc to quit)
Okay, then.
Read which item? (? for menu, Esc to quit)
Really read with blurry vision while enemies are nearby? [Y]es or [N]o only, please.
Really read with blurry vision while enemies are nearby? [Y]es or [N]o only, please.
Really read with blurry vision while enemies are nearby? [Y]es or [N]o only, please.
Really read with blurry vision while enemies are nearby?
The demonic crawler hits you but does no damage. x2
The demonic crawler completely misses you.
The starcursed mass shrieks in your mind.
* * * LOW HITPOINT WARNING * * *
The shock serpent simulacrum bites you but does no damage.
You begin reading the scroll.
You continue reading the scroll.
The demonic crawler hits you but does no damage. x3
The shock serpent simulacrum bites you.
You die...

#..... ..... .....
.............. .. ..#
....................
.............. ...
#..... .....#..... .
##...###...###.. #
...#.....#..... . .
........X............
...!..?@Z............
........s.........
...#.....#.....#. . .
##...###...###..
#..... .....# .
....... .....
........ ......
.####.... ##.


You could see a starcursed mass, a demonic crawler and a shock serpent
simulacrum.

Vanquished Creatures
  A minotaur (Lab)
  A centaur warrior (Volcano)
  A hydra (Lair:2)
  Erica (D:9)
  A vampire mage (Abyss:1)
  A wretched star (Abyss:1)
  Pikel (D:4)
  A hill giant (D:7)
  2 spiny frogs
  5 yaktaurs (Volcano)
  A rime drake (Lair:2)
  4 komodo dragons
  A raiju (Abyss:1)
  3 blink frogs (Lair:3)
  2 large abominations (Abyss:1)
  A shadow (Abyss:1)
  7 yaks (Lair:1)
  3 humans (D:6)
  A hungry ghost (D:7)
  The ghost of Dickchan the Spear-Bearer, an amateur MfGl (D:4)
  3 hippogriffs
  2 neqoxecs (Abyss:1)
  3 water moccasins
  3 porcupines
  3 small abominations (Abyss:1)
  Duvessa (D:4)
  A swamp drake (D:9)
  An ice beast (D:5)
  An orc warrior (D:8)
  7 sky beasts
  A slave (D:4)
  An eye of draining (D:8)
  A necrophage (D:6)
  3 ogres
  5 centaurs
  9 crocodiles
  Blork the orc (D:4)
  A big kobold (D:9)
  8 giant frogs
  Dowan (D:4)
  A wyvern skeleton (D:8)
  2 scorpions
  6 killer bees (D:7)
  6 electric eels (D:6)
  6 howler monkeys
  3 crimson imps
  A giant frog zombie (D:9)
  10 starcursed masses (Abyss:1)
  Crazy Yiuf (D:3)
  4 jellies
  4 orc priests
  2 giant frog skeletons
  7 hounds
  A wasp zombie (D:8)
  2 centaur skeletons
  An iron imp (Abyss:1)
  Jessica (D:3)
  7 iguanas
  5 orc wizards
  7 worker ants
  A hound skeleton (D:8)
  6 adders
  14 river rats (Lair:1)
  3 shadow imps
  An ooze (D:5)
  An adder skeleton (D:4)
  5 worms
  10 dart slugs
  6 giant geckos
  33 orcs
  A ball python (D:3)
  5 giant cockroaches
  7 goblins
  8 hobgoblins
  11 kobolds
  6 quokkas
  9 bats
  3 giant newts
  A jackal skeleton (D:5)
  2 quokka skeletons
  2 quokka zombies
  4 rats
  A plant (D:6)
312 creatures vanquished.

Vanquished Creatures (others)
  A fungus (Lair:2)
  9 starspawn tentacles (Abyss:1)
  41 starspawn tentacle segments (Abyss:1)
51 creatures vanquished.

Grand Total: 363 creatures vanquished

Notes
Turn   | Place    | Note
--------------------------------------------------------------
     0 | D:1      | Kloppie the Minotaur Gladiator began the quest for the Orb.
     0 | D:1      | Reached XP level 1. HP: 18/18 MP: 0/0
    66 | D:1      | Reached skill level 4 in Long Blades
    77 | D:1      | Reached XP level 2. HP: 25/25 MP: 1/1
   455 | D:1      | Reached skill level 1 in Armour
   907 | D:2      | Reached XP level 3. HP: 31/31 MP: 2/2
  1121 | D:2      | Found a shadowy altar of Dithmenos.
  1316 | D:3      | Noticed Jessica
  1325 | D:3      | Killed Jessica
  1325 | D:3      | Reached XP level 4. HP: 39/39 MP: 3/3
  1333 | D:3      | Reached skill level 5 in Long Blades
  1819 | D:3      | Reached XP level 5. HP: 34/46 MP: 4/4
  1992 | D:3      | Noticed Crazy Yiuf
  1999 | D:3      | Killed Crazy Yiuf
  2192 | D:4      | Found a basalt altar of Yredelemnul.
  2192 | D:4      | Noticed Blork the orc
  2199 | D:4      | Found an oddly glowing altar of Pakellas.
  2201 | D:4      | Killed Blork the orc
  2201 | D:4      | Reached skill level 6 in Long Blades
  2201 | D:4      | Reached XP level 6. HP: 36/52 MP: 5/5
  2202 | D:4      | Found a bloodstained altar of Trog.
  2261 | D:4      | Found a staircase to the Ecumenical Temple.
  2262 | D:4      | Noticed Duvessa
  2262 | D:4      | Noticed Dowan
  2268 | Temple   | Entered the Ecumenical Temple
  2527 | Temple   | Became a worshipper of Makhleb the Destroyer
  2588 | D:4      | Killed Duvessa
  2590 | D:4      | Killed Dowan
  2590 | D:4      | Reached skill level 7 in Long Blades
  3001 | D:4      | Reached skill level 5 in Fighting
  3016 | D:4      | Reached XP level 7. HP: 48/61 MP: 6/6
  3118 | D:4      | Noticed Dickchan's ghost (amateur MfGl)
  3144 | D:4      | Killed Dickchan's ghost
  3144 | D:4      | Reached skill level 8 in Long Blades
  3196 | D:4      | Noticed Pikel
  3222 | D:4      | Killed Pikel
  3222 | D:4      | Reached skill level 9 in Long Blades
  3222 | D:4      | Reached skill level 5 in Armour
  3222 | D:4      | Reached XP level 8. HP: 48/71 MP: 7/7
  3457 | D:5      | Entered Level 5 of the Dungeon
  3650 | D:5      | Gained mutation: You regenerate slowly when monsters are visible. [mutagenic meat]
  3652 | D:5      | Lost mutation: You regenerate slowly when monsters are visible. [mutagenic meat]
  3653 | D:5      | Gained mutation: You have sharp toenails. [mutagenic meat]
  3654 | D:5      | Gained mutation: You are dopey. (Int -2) [mutagenic meat]
  3655 | D:5      | Gained mutation: You are partially covered in rugged brown scales (AC +1, +3% HP). [mutagenic meat]
  3656 | D:5      | Gained mutation: You are partially covered in molten scales (AC +1). [mutagenic meat]
  3682 | D:5      | Reached skill level 10 in Long Blades
  3936 | D:5      | Gained mutation: You are clumsy. (Dex -2) [mutagenic meat]
  3939 | D:5      | Lost mutation: You are dopey. (Int -2) [mutagenic meat]
  3940 | D:5      | Gained mutation: Your movements are slightly less encumbered by armour (ER -2). [mutagenic meat]
  3941 | D:5      | Gained mutation: You have razor-sharp toenails. [mutagenic meat]
  4175 | D:5      | Gained mutation: You have sharp fingernails. [mutagenic meat]
  4177 | D:5      | Gained mutation: You are weak. (Str -2) [mutagenic meat]
  4178 | D:5      | Gained mutation: You have claws for feet. [mutagenic meat]
  4190 | D:5      | Reached XP level 9. HP: 79/81 MP: 8/8
  4664 | D:6      | Reached * piety under Makhleb
  5041 | D:6      | Reached skill level 11 in Long Blades
  5086 | D:6      | Lost mutation: You are clumsy. (Dex -2) [mutagenic meat]
  5087 | D:6      | Gained mutation: You are very weak. (Str -4) [mutagenic meat]
  5089 | D:6      | Lost mutation: You are very weak. (Str -4) [mutagenic meat]
  5658 | D:6      | Found an ancient bone altar of Kikubaaqudgha.
  5676 | D:6      | Reached ** piety under Makhleb
  6249 | D:7      | Reached skill level 12 in Long Blades
  6387 | D:7      | Found Vaiwogom's Assorted Antiques.
  6395 | D:7      | Bought 3 scrolls labeled XUFIXU REIWIAF for 84 gold pieces
  6489 | D:7      | Gained mutation: Your system is resistant to poisons. [potion of beneficial mutation]
  6559 | D:7      | Reached XP level 10. HP: 92/92 MP: 9/9
  6627 | D:7      | Reached *** piety under Makhleb
  6635 | D:7      | Lost mutation: You have claws for feet. [mutagenic meat]
  6636 | D:7      | Gained mutation: You have claws for feet. [mutagenic meat]
  6639 | D:7      | Gained mutation: You are partially covered in slimy green scales (AC +2). [mutagenic meat]
  6733 | D:7      | Noticed a hill giant
  6741 | D:7      | Killed a hill giant
  6970 | D:8      | Reached skill level 13 in Long Blades
  7431 | D:9      | Reached **** piety under Makhleb
  7668 | D:9      | Found a shimmering altar of Xom.
  7668 | D:9      | Noticed an angel
  7701 | D:9      | Found a glowing silver altar of Zin.
  8225 | D:9      | Noticed Erica
  8234 | D:9      | Killed Erica
  8234 | D:9      | Reached skill level 10 in Fighting
  8234 | D:9      | Reached skill level 14 in Long Blades
  8395 | D:9      | Found Miuret's Distillery.
  8433 | D:9      | Bought a potion of heal wounds for 70 gold pieces
  8433 | D:9      | Bought a potion of haste for 140 gold pieces
  8450 | D:9      | Found a white marble altar of Elyvilon.
  8567 | D:9      | Reached skill level 10 in Armour
  8584 | D:9      | Found a staircase to the Lair.
  8666 | Lair:1   | Entered Level 1 of the Lair of Beasts
  8724 | Lair:1   | Noticed a spiny frog
  8731 | Lair:1   | Reached XP level 11. HP: 58/104 MP: 10/10
  8841 | Lair:1   | Reached ***** piety under Makhleb
  9590 | Lair:2   | Found a labyrinth entrance.
  9590 | Lair:2   | Found a dark tunnel.
  9597 | Volcano  | Entered a volcano
  9641 | Volcano  | Reached skill level 15 in Long Blades
  9719 | Volcano  | Noticed a centaur warrior
  9731 | Volcano  | Killed a centaur warrior
  9914 | Lab      | Entered a labyrinth
 10157 | Lab      | Noticed a minotaur
 10159 | Lab      | Killed a minotaur
 10465 | Lair:2   | Noticed an eight-headed hydra
 10569 | Lair:2   | Killed a two-headed hydra
 10872 | Lair:2   | Identified a +3 rod of clouds (14/14) (You found it in a labyrinth)
 10873 | Lair:2   | Identified a +4 rod of inaccuracy (11/11) (You found it in a labyrinth)
 11069 | Lair:3   | Reached skill level 16 in Long Blades
 11081 | Lair:3   | Reached XP level 12. HP: 95/114 MP: 11/11
 11099 | Lair:3   | Noticed Sonja
 11111 | Lair:3   | Cast into level 1 of the Abyss (Sonja)
 11131 | Abyss:1  | Noticed a green death
 11167 | Abyss:1  | Found a corrupted altar of Lugonu.
 11480 | Abyss:1  | Noticed a tentacled starspawn
 11506 | Abyss:1  | Found a corrupted altar of Lugonu.
 11560 | Abyss:1  | Noticed a brown very ugly thing
 11586 | Abyss:1  | Noticed a tentacled starspawn
 11586 | Abyss:1  | Noticed an angel
 11621 | Abyss:1  | Noticed a green death
 11698 | Abyss:1  | Noticed a vampire mage
 11716 | Abyss:1  | Killed a vampire mage
 11784 | Abyss:1  | Noticed a starcursed mass
 11795 | Abyss:1  | Paralysed by accursed screaming for 1 turns
 11808 | Abyss:1  | Noticed a starcursed mass
 11826 | Abyss:1  | HP: 3/81 [starcursed mass/accursed screaming (5)]
 11827 | Abyss:1  | Slain by a shock serpent simulacrum

Skill      XL: |  1  2  3  4  5  6  7  8  9 10 11 12 |
---------------+-------------------------------------+-----
Long Blades    | 4 5 6 7 9 10 12 14 16 | 16.5
Armour         | 1 2 3 4 5 6 8 10 11 12 | 12.0
Fighting       | 3 4 5 6 7 8 10 11 12 | 12.1
Throwing       | |  2.0
Dodging        | |  3.2

Action                   |  1- 3 |  4- 6 |  7- 9 | 10-12 || total
-------------------------+-------+-------+-------+-------++-------
Melee: Long sword        |    75 |   134 |   350 |   290 ||   849
       Headbutt          |    21 |    24 |    71 |   140 ||   256
       Kick              |       |       |    97 |   219 ||   316
       Scimitar          |       |       |       |   378 ||   378
Throw: Throwing net      |       |     3 |     1 |       ||     4
  Use: Scroll            |       |    13 |     7 |    17 ||    37
       Potion            |       |     2 |     1 |     8 ||    11
 Stab: Held in net/web   |       |     1 |       |       ||     1
       Distracted        |       |       |       |     1 ||     1
  Eat: Chunk             |     1 |     6 |    29 |    30 ||    66
       Bread ration      |       |       |     2 |     1 ||     3
Armor: Leather armour    |     8 |       |       |       ||     8
       Chain mail        |    24 |    82 |   183 |   170 ||   459
       Plate armour      |       |       |       |    91 ||    91
       Gold dragon armou |       |       |       |   170 ||   170
Dodge: Dodged            |    49 |    87 |   125 |   219 ||   480
